 Dungeon Crawl Stone Soup version 0.30-a0-330-g8f2769a82d (webtiles) character file.

Game seed: 10286579738171892129

400 Kirkhe the Trooper (level 6, 0/43 HPs)
             Began as a Demonspawn Wanderer on Oct 28, 2022.
             Slain by an orc wizard
             ... wielding a +0 dagger
              (1 damage)
             ... on level 6 of the Dungeon.
             The game lasted 00:06:08 (2628 turns).

Kirkhe the Trooper (Demonspawn Wanderer)            Turns: 2628, Time: 00:06:09

Health: 0/43       AC:  4    Str: 10    XL:     6   Next: 54%
Magic:  7/7        EV: 12    Int: 15    God:
Gold:   164        SH:  6    Dex: 15    Spells: 6/7 levels left

rFire   . . .      SeeInvis .    f - +0 war axe
rCold   . . .      Faith    .    b - +1 buckler
rNeg    . . .      Spirit   .    d - +0 robe
rPois   .          Reflect  .    (helmet restricted)
rElec   .          Harm     .    (no cloak)
rCorr   .          Rampage  .    (no gloves)
Will    .....                    (no boots)
Stlth   +.........               (no amulet)
HPRegen 0.27/turn                (no ring)
MPRegen 0.10/turn                (no ring)

@: brilliant, on berserk cooldown, slowed, very slow
A: antennae 1, molten scales 1, hooves 1, frail 1
a: no special abilities


You were on level 6 of the Dungeon.
You visited 1 branch of the dungeon, and saw 6 of its levels.
You also visited: Sewer.

You collected 164 gold pieces.

Inventory:

Hand Weapons
 a - a +1 short sword of protection
 f - a +0 war axe (weapon)
 j - a +1 flail of pain
Armour
 b - a +1 buckler (worn)
 d - a +0 robe (worn)
Scrolls
 c - 2 scrolls of blinking
 i - 2 scrolls of identify
 l - 2 scrolls of enchant weapon
Potions
 g - a potion of attraction
 h - a potion of haste {unknown}
 k - 2 potions of brilliance
 n - a potion of lignification {unknown}
 o - a potion of degeneration {unknown}


   Skills:
 + Level 4.1 Fighting
 - Level 1.0 Short Blades
 * Level 1.0 Axes
 + Level 2.9 Dodging
 + Level 2.7 Shields
 + Level 1.0 Spellcasting
 + Level 4.0 Hexes
 + Level 2.2 Evocations


You had 6 spell levels left.
You knew the following spells:

 Your Spells              Type           Power      Damage    Failure   Level
a - Slow                  Hex            76%        N/A       6%          1

Your spell library contained the following spells:

 Spells                   Type           Power      Damage    Failure   Level
 Inner Flame              Hex/Fire       10%        N/A       38%         3
 Summon Guardian Golem    Hex/Summ       10%        N/A       38%         3
 Ozocubu's Armour         Ice            1%         N/A       67%         3
 Ozocubu's Refrigeration  Ice            0%         4d7       100%        7


Dungeon Overview and Level Annotations

Branches:
Dungeon (7/15)              Sewer (visited)
 Temple: D:4-7

Altars:


Innate Abilities, Weirdness & Mutations

You have a pair of small antennae on your head.
You are partially covered in molten scales. (AC +2)
You have large cloven feet.
You are frail. (-10% HP)


Message History

The orc wizard hits you but does no damage. x2
You closely miss the orc wizard.
You kick the orc wizard, but do no damage.
The orc wizard is severely wounded.
The orc wizard closely misses you.
The orc wizard hits you but does no damage.
You closely miss the orc wizard.
You kick the orc wizard, but do no damage.
The orc wizard is severely wounded.
The orc wizard hits you but does no damage.
The orc wizard misses you.
You closely miss the orc wizard.
The orc wizard is severely wounded.
The orc wizard barely misses you.
The orc wizard hits you with a +0 dagger.
You closely miss the orc wizard. Your kick misses the orc wizard.
The orc wizard is severely wounded.
The orc wizard gestures wildly while chanting.
The orc wizard flickers and vanishes!
Deactivating autopickup; reactivate with Ctrl-A.
Something hits you. x2
You closely miss something. Your kick misses something.
Something completely misses you. Something hits you but does no damage.
You barely miss something. Your kick misses something. Something hits you.
You hear some strange, mumbled words.
A puff of flame appears from out of thin air!
The puff of flame hits you.
* * * LOW HITPOINT WARNING * * *
Unknown command.
You miss something. Your kick misses something. Something hits you.
* * * LOW HITPOINT WARNING * * *
You hear some strange, mumbled words.
A puff of flame appears from out of thin air!
The puff of flame hits you!
* * * LOW HITPOINT WARNING * * *
Unknown command.
It was a potion of brilliance.
You feel clever all of a sudden. Something hits you.
You die...

...........
#......# ##.)#
#####..##
##......#
#...##.##
#...#..# #...#)##
#...#@# #...#{#
#....o## #......#
............)....
###......#..#####
.........##..#
.#.#.##..# #>.# #
#. ..## #.#


You could see an orc.

Vanquished Creatures
  A water moccasin (Sewer)
  An ogre (D:6)
  2 orc priests
  An orc wizard (D:6)
  3 adders (D:3)
  3 dart slugs (D:3)
  6 orcs
  9 ball pythons
  2 endoplasms
  4 giant cockroaches
  9 goblins
  7 hobgoblins
  8 jackals
  3 quokkas
  12 bats
  5 frilled lizards
  4 kobolds
  7 rats
87 creatures vanquished.

Notes
Turn   | Place    | Note
-------+----------+-------------------------------------------
     0 | D:1      | Kirkhe the Demonspawn Wanderer began the quest for the Orb.
     0 | D:1      | Kirkhe set off with the following items: a +0 short sword,
                  | a +0 buckler, a scroll of blinking, a +0 robe; and the
                  | following spell memorised: Slow; and the following spells
                  | available to memorise: Inner Flame, Summon Guardian Golem.
     0 | D:1      | Reached XP level 1. HP: 16/16 MP: 2/2
   241 | D:1      | Gained mutation: You are partially covered in molten
                  | scales. (AC +2) [demonic ancestry]
   241 | D:1      | Reached XP level 2. HP: 21/22 MP: 3/3
  1127 | D:2      | Reached XP level 3. HP: 25/27 MP: 4/4
  1785 | D:3      | Reached XP level 4. HP: 32/34 MP: 5/5
  1805 | D:3      | Found a glowing drain.
  1822 | Sewer    | Entered a sewer
  1836 | Sewer    | Reached skill level 1 in Dodging
  1851 | Sewer    | Noticed a water moccasin
  1855 | Sewer    | Gained mutation: You have sharp toenails. [potion of
                  | mutation]
  1855 | Sewer    | Gained mutation: You occasionally lose the ability to read
                  | scrolls when taking damage. [potion of mutation]
  1855 | Sewer    | Gained mutation: Potions are less effective at restoring
                  | your health. [potion of mutation]
  1856 | Sewer    | Lost mutation: Potions are less effective at restoring your
                  | health. [potion of mutation]
  1856 | Sewer    | Lost mutation: You occasionally lose the ability to read
                  | scrolls when taking damage. [potion of mutation]
  1856 | Sewer    | Gained mutation: You sometimes lose your temper in combat.
                  | [potion of mutation]
  1856 | Sewer    | Lost mutation: You sometimes lose your temper in combat.
                  | [potion of mutation]
  1856 | Sewer    | Gained mutation: You sometimes lose your temper in combat.
                  | [potion of mutation]
  1868 | Sewer    | Killed a water moccasin
  1869 | Sewer    | Reached XP level 5. HP: 41/41 MP: 6/6
  1920 | D:3      | Lost mutation: You have sharp toenails. [potion of
                  | mutation]
  1920 | D:3      | Lost mutation: You sometimes lose your temper in combat.
                  | [potion of mutation]
  1920 | D:3      | Gained mutation: You are frail. (-10% HP) [potion of
                  | mutation]
  1920 | D:3      | Gained mutation: You have large cloven feet. [potion of
                  | mutation]
  2487 | D:4      | You fall into a shaft and drop 3 floors!
  2488 | D:7      | Noticed a centaur
  2493 | D:7      | Noticed a black bear
  2513 | D:6      | Gained mutation: You have a pair of small antennae on your
                  | head. [demonic ancestry]
  2513 | D:6      | Reached XP level 6. HP: 31/43 MP: 7/7
  2612 | D:6      | Reached skill level 1 in Axes
  2627 | D:6      | HP: 1/43 [something/puff of flame (8)]
  2628 | D:6      | Slain by an orc wizard

Illustrated notes

Levels and vault maps discovered:
D:1:      psy_arrival_terrarium, layout_loops_ring
D:2:      layout_basic
D:3:      layout_loops_ring, portal_sewer_entry_e
D:4:      layout_basic, temple_green, gammafunk_ghost_nasty_kobolds
D:6:      layout_rooms, uniq_duvessa
D:7:      layout_loops_ring, enter_bailey_8, kennysheep_potato

Skill      XL: |  1  2  3  4  5  6 |
---------------+-------------------+-----
Hexes          | 4 |  4.0
Dodging        | 2 |  2.9
Fighting       | 3 4 |  4.1
Shields        | 2 |  2.7
Axes           | 1 |  1.0
Short Blades   | |  1.0
Spellcasting   | |  1.0
Evocations     | |  2.2

Action                   |  1- 3 |  4- 6 || total
-------------------------+-------+-------++-------
Melee: Short sword       |   216 |   128 ||   344
       Kick              |       |    37 ||    37
       War axe           |       |    27 ||    27
 Cast: Slow              |       |     2 ||     2
  Use: Scroll            |     9 |     2 ||    11
       Potion            |       |     6 ||     6
 Stab: Sleeping          |     3 |       ||     3
Armor: Robe              |    87 |    60 ||   147
Dodge: Dodged            |   114 |    82 ||   196
Block: Buckler           |    32 |    35 ||    67

Table legend: (Time is in decaauts)
 A = Elapsed time spent in this place.
 B = Non-inter-level travel time spent in this place.
 C = Inter-level travel time spent in this place.
 D = Time resting spent in this place.
 E = Time spent auto-exploring this place.
 F = Levels seen in this place.
 G = Mean time per level.
                   A        B        C        D        E       F      G
               +--------+--------+--------+--------+--------+-----+--------+
         Total |   2656 |   2597 |     59 |    238 |   1639 |   7 |  379.4 |
       Dungeon |   2549 |   2490 |     59 |    238 |   1582 |   6 |  424.8 |
         Sewer |    107 |    107 |      0 |      0 |     57 |   1 |  107.0 |
               +--------+--------+--------+--------+--------+-----+--------+

Top non-repeatable levels by time:
     D:1: 867 daAuts
     D:3: 778 daAuts
     D:2: 628 daAuts
     D:6: 152 daAuts
     D:4: 115 daAuts
   Sewer: 107 daAuts
     D:7: 6 daAuts
